 Dungeon Crawl Stone Soup version 0.24.0-37-gcf1ca852f1 (webtiles) character file.

Game seed: 16964809755278661681, levelgen mode: deterministic

2191 Mrkan the Grappler (level 9, -6/89 HPs)
             Began as a Troll Monk on Nov 29, 2019.
             Was a High Priest of Elyvilon.
             Mangled by a killer bee (11 damage)
             ... on level 8 of the Dungeon.
             The game lasted 00:09:58 (5021 turns).

Mrkan the Grappler (Troll Monk)                     Turns: 5021, Time: 00:09:59

Health: -6/89      AC:  9    Str: 21    XL:     9   Next: 12%
Magic:  7/9        EV: 10    Int:  9    God:    Elyvilon [*****.]
Gold:   327        SH:  0    Dex: 12    Spells: 8/8 levels left

rFire    . . .     SeeInvis .     - Unarmed
rCold    . . .     Gourm    +   (no shield)
rNeg     . . .     Faith    .   a - +0 robe
rPois    .         Spirit   .   c - +2 hat
rElec    .         Reflect  .   F - +0 cloak
rCorr    .         Harm     .   (gloves unavailable)
MR       .....                  (boots unavailable)
Stlth    ++........             (no amulet)
HPRegen  0.64/turn              (no ring)
MPRegen  0.11/turn              (no ring)

@: lethally poisoned (-6 -> -8), about to teleport
A: large, unfitting armour, claws 3, fast metabolism 3, gourmand, regeneration
1, shaggy fur 1, tough skin 3
a: Lesser Healing, Heal Other, Purification, Greater Healing, Divine Vigour,
Divine Protection, Renounce Religion


You were on level 8 of the Dungeon.
You worshipped Elyvilon.
Elyvilon was extremely pleased with you.
You were very full.

You visited 1 branch of the dungeon, and saw 8 of its levels.

You collected 363 gold pieces.
You spent 36 gold pieces at shops.

Inventory:

Missiles
 g - 4 curare-tipped darts (quivered)
 p - 2 throwing nets
Armour
 a - a +0 robe (worn)
 c - a +2 hat (worn)
 F - a +0 cloak (worn)
Jewellery
 l - a +2 ring of intelligence {unknown}
 m - an uncursed ring of poison resistance {unknown}
 y - a cursed ring of attention {unknown}
 z - an uncursed amulet of magic regeneration {unknown}
Wands
 v - a wand of paralysis (5)
 E - a wand of polymorph (9)
 K - a wand of iceblast (9)
Scrolls
 h - a scroll of holy word {unknown}
 i - a scroll of remove curse
 j - 4 scrolls of identify
 k - a scroll of teleportation
 n - a scroll of random uselessness
 r - a scroll of magic mapping
 A - a scroll of enchant weapon {unknown}
 I - a scroll of silence {unknown}
 J - a scroll of fear
Potions
 d - 3 potions of heal wounds {unknown}
 e - 5 potions of curing
 o - a potion of haste {unknown}
 q - 3 potions of degeneration {unknown}
 s - a potion of might {unknown}
 t - 2 potions of cancellation {unknown}
 u - 2 potions of invisibility {unknown}
 w - 2 potions of brilliance {unknown}
 x - 3 potions of resistance {unknown}
 B - a potion of flight {unknown}
 C - 3 potions of lignification {unknown}
 D - a potion of mutation {unknown}
 G - 2 potions of ambrosia {unknown}
 H - a potion of berserk rage {unknown}
Comestibles
 b - 19 rations
 f - 3 chunks of flesh


   Skills:
 + Level 6.2 Fighting
 - Level 2.4 Dodging
 - Level 1.0 Stealth
 * Level 10.1 Unarmed Combat
 + Level 2.0 Invocations


You had 8 spell levels left.
You didn't know any spells.
Your spell library contained the following spells:

 Spells                   Type           Power        Failure   Level  Hunger
 Magic Dart               Conj           #...         38%         1    ##.....
 Blink                    Tloc           N/A          52%         2    ###....
 Call Imp                 Summ           #.......     52%         2    ###....
 Slow                     Hex            #.......     52%         2    ###....
 Conjure Flame            Conj/Fire      #.......     77%         3    ####...
 Mephitic Cloud           Conj/Pois/Air  #.......     77%         3    ####...


Dungeon Overview and Level Annotations

Branches:
Dungeon (8/15)             Temple (0/1) D:5
   Lair: D:8-11

Altars:
Elyvilon
Fedhas
Nemelex Xobeh
Xom

Shops:
D:7 *![


Innate Abilities, Weirdness & Mutations

You are too large for most types of armour.
You have claws for hands.
Your metabolism is lightning-fast.
You like to eat raw meat.
Your natural rate of healing is unusually fast.
You are covered in fur. (AC +1)
You have extremely tough skin. (AC +3)


Message History

The killer bee buzzes angrily.
You hear an angry buzzing noise. x2
You are healed.
You feel somewhat less full.
You feel sick.
You hear an angry buzzing noise.
The killer bee stings you.
* * * LOW HITPOINT WARNING * * *
The killer bee stings you!
* * * LOW HITPOINT WARNING * * *
You are lethally poisoned!
The killer bee poisons you! The killer bee closely misses you.
You hear an angry buzzing noise. x2
You feel better. The killer bee stings you.
* * * LOW HITPOINT WARNING * * *
You are poisoned.
The killer bee poisons you! The killer bee stings you!
* * * LOW HITPOINT WARNING * * *
You are more poisoned.
The killer bee poisons you! The killer bee closely misses you.
As you read the scroll of teleportation, it crumbles to dust.
You feel strangely unstable.
You feel sick. The killer bee stings you!
You die...

.. %. +.# #.. #..###
## .. #....##.#....
#.....yy)....
#####.##.y###########
.........yyyy@.......
#####.#.#############
...............
#####.#.##)#### .
#...# # .. ####.#.#
..###......##.###
..'...............
#....#.#########


You could see a queen bee and 4 killer bees.

Vanquished Creatures
  A hippogriff (D:7)
  Duvessa (D:4)
  2 phantoms
  A sky beast (D:5)
  An ogre (D:5)
  A crocodile (D:7)
  A big kobold (D:8)
  Blork the orc (D:4)
  3 bullfrogs
  Dowan (D:4)
  6 killer bees (D:8)
  A howler monkey (D:5)
  3 crimson imps
  2 centaur zombies (D:5)
  3 hounds
  Crazy Yiuf (D:4)
  2 orc priests
  An orc wizard (D:4)
  An iguana (D:7)
  3 worker ants
  2 hound zombies
  A hound skeleton (D:7)
  A howler monkey zombie (D:5)
  5 gnolls
  6 adders
  A shadow imp (D:5)
  3 oozes
  An adder zombie (D:6)
  3 adder skeletons
  2 dart slugs (D:1)
  3 leopard geckos
  19 orcs
  3 ball pythons
  7 bats
  6 giant cockroaches
  17 goblins
  3 hobgoblins
  6 jackals
  2 quokkas
  8 frilled lizards
  17 kobolds
  A leopard gecko skeleton (D:4)
  4 rats
  A fungus (D:4)
158 creatures vanquished.

Notes
Turn   | Place    | Note
-------+----------+-------------------------------------------
     0 | D:1      | Mrkan the Troll Monk began the quest for the Orb.
     0 | D:1      | Reached XP level 1. HP: 22/22 MP: 0/0
   268 | D:1      | Reached XP level 2. HP: 29/29 MP: 1/1
   566 | D:1      | Reached XP level 3. HP: 34/36 MP: 2/2
   851 | D:2      | Reached skill level 4 in Unarmed Combat
   943 | D:2      | Reached XP level 4. HP: 41/45 MP: 3/3
  1057 | D:2      | Found a white marble altar of Elyvilon.
  1070 | D:2      | Became a worshipper of Elyvilon the Healer
  1070 | D:2      | Reached * piety under Elyvilon
  1070 | D:2      | Reached ** piety under Elyvilon
  1524 | D:3      | Found a blossoming altar of Fedhas.
  1895 | D:3      | Reached *** piety under Elyvilon
  2168 | D:4      | Noticed a phantom
  2170 | D:4      | Reached skill level 5 in Unarmed Combat
  2170 | D:4      | Reached XP level 5. HP: 53/53 MP: 4/4
  2183 | D:4      | Killed a phantom
  2243 | D:4      | Reached XP level 6. HP: 53/62 MP: 5/5
  2248 | D:4      | Reached skill level 6 in Unarmed Combat
  2314 | D:4      | Found a shimmering altar of Xom.
  2314 | D:4      | Found a shimmering altar of Xom.
  2323 | D:4      | Found a shimmering altar of Xom.
  2324 | D:4      | Found a shimmering altar of Xom.
  2386 | D:4      | Noticed Blork the orc
  2393 | D:4      | Killed Blork the orc
  2420 | D:4      | Noticed Duvessa
  2420 | D:4      | Noticed Dowan
  2441 | D:4      | Killed Duvessa
  2442 | D:4      | Killed Dowan
  2442 | D:4      | Reached XP level 7. HP: 27/70 MP: 6/6
  2876 | D:4      | Found a runed translucent door.
  2877 | D:4      | Noticed Crazy Yiuf
  2882 | D:4      | Killed Crazy Yiuf
  2882 | D:4      | Reached skill level 7 in Unarmed Combat
  2911 | D:5      | Entered Level 5 of the Dungeon
  2964 | D:5      | Reached **** piety under Elyvilon
  3122 | D:5      | Found a staircase to the Ecumenical Temple.
  3256 | D:5      | Reached skill level 8 in Unarmed Combat
  3277 | D:5      | Reached skill level 5 in Fighting
  3278 | D:5      | Reached XP level 8. HP: 44/80 MP: 7/7
  3785 | D:6      | Found a glowing drain.
  4185 | D:7      | Reached skill level 9 in Unarmed Combat
  4251 | D:7      | Reached ***** piety under Elyvilon
  4256 | D:7      | Noticed a hippogriff
  4259 | D:7      | Found Jimio's Distillery.
  4264 | D:7      | Killed a hippogriff
  4266 | D:7      | Found Weguof's Assorted Antiques.
  4275 | D:7      | Bought a potion of curing for 36 gold pieces
  4334 | D:7      | Found Weavvis's Antique Armour Boutique.
  4344 | D:7      | Found a sparkling altar of Nemelex Xobeh.
  4672 | D:7      | Reached skill level 1 in Invocations
  4983 | D:8      | Reached XP level 9. HP: 89/89 MP: 9/9
  4999 | D:8      | Reached skill level 10 in Unarmed Combat
  5011 | D:8      | Noticed a queen bee
  5021 | D:8      | Mangled by a killer bee

Levels and vault maps discovered:
D:1:      dpeg_arrival_shrine, layout_basic, minmay_misc_feat_square
D:2:      layout_rooms, elyvilon_altar_1, first_ration
D:3:      layout_basic, lemuel_tele_altar
D:4:      layout_loops_ring, xom_redecorated, uniq_crazy_yiuf_cottage,
          uniq_blork_the_orc, uniq_duvessa
D:5:      layout_basic, minmay_temple_entry_ruins,
          chequers_serial_rivers_small_b, grunt_decor_one_mirror,
          minmay_ogre_servants
D:6:      layout_rooms, cheibrodos_sewer_entry_sluice
D:7:      layout_gridville, basic_altar, serial_shops,
          nicolae_shop_behind_doors, shop_fountains, nicolae_shop_trees
D:8:      layout_basic, ebering_ghost_xom, david_nohive_1

Skill      XL: |  1  2  3  4  5  6  7  8  9 |
---------------+----------------------------+-----
Unarmed Combat | 4 5 6 8 9 10 | 10.1
Fighting       | 3 4 5 6 |  6.2
Invocations    | 1 2 |  2.0
Dodging        | |  2.4
Stealth        | |  1.0

Action                   |  1- 3 |  4- 6 |  7- 9 || total
-------------------------+-------+-------+-------++-------
Melee: Unarmed           |    66 |   121 |   242 ||   429
       Punch             |       |     3 |    10 ||    13
Invok: Greater Healing   |       |       |     1 ||     1
  Use: Scroll            |       |       |     9 ||     9
       Potion            |       |       |     1 ||     1
 Stab: Sleeping          |     1 |     2 |     1 ||     4
  Eat: Chunk             |    12 |    16 |    23 ||    51
Armor: Robe              |    43 |    35 |   119 ||   197
Dodge: Dodged            |    34 |    60 |   142 ||   236
